 Dungeon Crawl Stone Soup version 0.24.0-37-gcf1ca852f1 (webtiles) character file.

Game seed: 5138764296513063029, levelgen mode: deterministic

32 Bombadil the Sneak (level 3, -15/25 HPs)
             Began as a Vampire Enchanter on Nov 23, 2019.
             Demolished by an ogre
             ... wielding a +0 giant club
              (22 damage)
             ... on level 2 of the Dungeon.
             The game lasted 00:02:33 (970 turns).

Bombadil the Sneak (Vampire Enchanter)               Turns: 970, Time: 00:02:33

Health: -15/25     AC:  3    Str:  7    XL:     3   Next: 10%
Magic:  0/6        EV: 16    Int: 17    God:
Gold:   61         SH:  0    Dex: 15    Spells: 3/6 levels left

rFire    . . .     SeeInvis +   a - +1 dagger
rCold    . . .     Gourm    .   (no shield)
rNeg     . . .     Faith    .   b - +0 robe
rPois    .         Spirit   .   (no helmet)
rElec    .         Reflect  .   (no cloak)
rCorr    .         Harm     .   i - +0 pair of gloves
MR       .....                  (no boots)
Stlth    +++.......             (no amulet)
HPRegen  0.28/turn              c - +3 ring of evasion (curse)
MPRegen  0.10/turn              (no ring)

@: regenerating quickly
A: no food, fangs 3, see invisible, unbreathing
a: Exsanguinate


You were on level 2 of the Dungeon.
You were alive.

You visited 1 branch of the dungeon, and saw 2 of its levels.

You collected 61 gold pieces.

Inventory:

Hand Weapons
 a - a +1 dagger (weapon)
Armour
 b - a +0 robe (worn)
 i - a +0 pair of gloves (worn)
Jewellery
 c - a cursed +3 ring of evasion (left hand)
Scrolls
 f - 3 scrolls of blinking {unknown}
 g - 2 scrolls of remove curse {unknown}
 j - a scroll of magic mapping {unknown}
 l - a scroll of enchant armour {unknown}
Potions
 d - 2 potions of agility {unknown}
 e - a potion of might {unknown}
 h - 2 potions of haste {unknown}
 k - a potion of curing {unknown}


   Skills:
 + Level 0.3 Fighting
 + Level 1.3 Short Blades
 + Level 2.5 Dodging
 + Level 5.1 Stealth
 + Level 2.2 Spellcasting
 + Level 4.8 Hexes


You had 3 spell levels left.
You knew the following spells:

 Your Spells              Type           Power        Failure   Level  Hunger
a - Corona                Hex            ###....      2%          1    N/A
b - Ensorcelled Hibernat  Hex/Ice        ##....       11%         2    N/A

Your spell library contained the following spells:

 Spells                   Type           Power        Failure   Level  Hunger
 Confuse                  Hex            ###.....     8%          3    N/A
 Tukima's Dance           Hex            ###.....     8%          3    N/A
 Dazzling Spray           Conj/Hex       ##....       21%         3    N/A

Dungeon Overview and Level Annotations

Branches:
Dungeon (2/15)

Altars:
Okawaru
The Shining One


Innate Abilities, Weirdness & Mutations

You do not eat.
Your natural rate of healing is unusually fast.
You have razor-sharp teeth.
You have supernaturally acute eyesight. (SInv)
You can survive without breathing.


Message History

Casting: Ensorcelled Hibernation (safe; 11% risk of failure)
Confirm with . or Enter, or press ? or * to list all spells.
Aiming: Ensorcelled Hibernation (safe; 11% risk of failure)
Press: ? - help, Shift-Dir - straight line, f/p - ogre
Aim: an ogre, wielding a +0 giant club (almost dead, chance to defeat MR: 41%)
The ogre resists with some effort.
The ogre hits you with a +0 giant club!
Ouch! That really hurt!
Casting: Ensorcelled Hibernation (safe; 11% risk of failure)
Confirm with . or Enter, or press ? or * to list all spells.
Aiming: Ensorcelled Hibernation (safe; 11% risk of failure)
Press: ? - help, Shift-Dir - straight line, f/p - ogre
Aim: an ogre, wielding a +0 giant club (almost dead, chance to defeat MR: 41%)
The ogre looks drowsy...
The ogre hits you with a +0 giant club!
* * * LOW HITPOINT WARNING * * *
You barely miss the ogre.
The ogre is almost dead.
The ogre hits you with a +0 giant club!!
Ouch! That really hurt!
You die...

#.#
#(###.###.##
#.#
#######.##.##
##.##### #.#
...........#
#.....# #.#
.######%##.##
##)###.# ...
#.###.###.##
#.#
#...##...##
#.#
###.######
#.. #.# #@#
#O# ##.# #..#
#.## #.# #.#
#.# ####.#


You could see an ogre.

Vanquished Creatures
  An ooze (D:2)
  3 dart slugs (D:1)
  6 bats (D:1)
  A goblin (D:1)
  3 hobgoblins (D:1)
  2 jackals (D:1)
  4 frilled lizards
  5 rats (D:1)
25 creatures vanquished.

Vanquished Creatures (others)
  A bat (D:1)
1 creature vanquished.

Grand Total: 26 creatures vanquished

Notes
Turn   | Place    | Note
-------+----------+-------------------------------------------
     0 | D:1      | Bombadil the Vampire Enchanter began the quest for the Orb.
     0 | D:1      | Reached XP level 1. HP: 13/13 MP: 3/3
   146 | D:1      | Reached XP level 2. HP: 19/19 MP: 5/5
   153 | D:1      | Learned a level 2 spell: Ensorcelled Hibernation
   199 | D:1      | Reached skill level 5 in Stealth
   671 | D:1      | Found a glowing golden altar of the Shining One.
   924 | D:2      | Reached XP level 3. HP: 25/25 MP: 6/6
   937 | D:2      | Found an iron altar of Okawaru.
   937 | D:2      | Noticed an ogre
   970 | D:2      | Demolished by an ogre

Levels and vault maps discovered:
D:1:      wheals_arrival_shading, layout_basic, tso_altar
D:2:      layout_loops_ring, grunt_temple_overflow_order_and_chaos_1,
          overflow_temple_1_default, okawaru_gym_becter, uniq_terence,
          uniq_jessica

Skill      XL: |  1  2 |
---------------+-------+-----
Stealth        | 5 |  5.1
Fighting       | |  0.3
Short Blades   | |  1.3
Dodging        | |  2.5
Spellcasting   | |  2.2
Hexes          | |  4.8

Action                   || total
-------------------------++-------
Melee: Dagger            ||    74
       Bite              ||     8
 Cast: Corona            ||     9
       Ensorcelled Hiber ||     7
 Stab: Sleeping          ||    10
Armor: Robe              ||    17
Dodge: Dodged            ||    59
